[ PARTIDA AOE2 · #464668607 ]
UnrankedBengalíes vs Chinese
[ ANÁLISIS DE REPETICIÓN · EXTRAÍDO DE LA PARTIDA GRABADA ]
Feudal
9:24
Castillos
23:47
Imperial
39:04
| APM promedio | 48.0 |
| APM pico | 98 |
| eAPM promedio | 20.0 |
| Aldeanos / militares | 151 / 201 |
Foco
⚔️ 41.7% · 🌾 58.3%
Elephant Archer ×124 · Archer ×65 · Trebuchet (Packed) ×11 · Spearman ×1
Feudal
8:58
Castillos
30:24
Imperial
48:57
| APM promedio | 40.1 |
| APM pico | 77 |
| eAPM promedio | 18.8 |
| Aldeanos / militares | 118 / 123 |
Foco
⚔️ 52.4% · 🌾 47.6%
Cavalry Archer ×76 · Scout Cavalry ×38 · Archer ×6 · Trebuchet (Packed) ×2 · Skirmisher ×1
Feudal
8:54
Castillos
30:33
Imperial
48:31
| APM promedio | 55.2 |
| APM pico | 87 |
| eAPM promedio | 28.6 |
| Aldeanos / militares | 148 / 214 |
Foco
⚔️ 38.4% · 🌾 61.6%
Archer ×145 · Skirmisher ×41 · Spearman ×22 · Chu Ko Nu ×3 · Trebuchet (Packed) ×3
Feudal
9:27
Castillos
23:50
Imperial
44:56
| APM promedio | 46.0 |
| APM pico | 84 |
| eAPM promedio | 23.8 |
| Aldeanos / militares | 149 / 265 |
Foco
⚔️ 36.6% · 🌾 63.4%
Camel Scout ×122 · Scout Cavalry ×84 · Knight ×52 · Trade Cart ×4 · Trebuchet (Packed) ×4 · Spearman ×2
Feudal
—
Castillos
—
Imperial
—
| APM promedio | 43.3 |
| APM pico | 90 |
| eAPM promedio | 21.7 |
| Aldeanos / militares | 162 / 265 |
Foco
⚔️ 47.6% · 🌾 52.4%
Steppe Lancer ×136 · Scout Cavalry ×86 · Spearman ×32 · Fire Lancer ×9 · Unknown (1908) ×5 · Monk ×2
Feudal
9:04
Castillos
25:41
Imperial
43:36
| APM promedio | 54.4 |
| APM pico | 128 |
| eAPM promedio | 21.3 |
| Aldeanos / militares | 156 / 179 |
Foco
⚔️ 39.7% · 🌾 60.3%
Archer ×176 · Scorpion ×3
Mapa de la partida
Recursos iniciales + cada clic de construcción. Líneas = muros · curvas = relieve. ◆ oro · ⬟ piedra · ● bayas · ✦ reliquia · ◌ hueco del cierre
Tu base· ✓ Cerrada en 23:47 · 32t muro · 2 puerta(s)
Base de Elacrai· ✓ Cerrada en 30:24 · 26t muro · sin puerta
Base de Esponjocito· Abierta — hueco de 1t
Base de Vermint· ✓ Cerrada en 23:50 · 15t muro · 1 puerta(s)
Base de DiegoRH7955· ✓ Cerrada en 22:41 · 46t muro · 1 puerta(s)
Base de GABO· Abierta — hueco de 6t
Terreno inicial suavizado · ◌ = hueco del cierre detectado · pasá el cursor para detalles
Inputs por minuto
— Lord Ramsbottom - - Elacrai
Build order — Lord Ramsbottom
Primeras 150 de 556 acciones detectadas
| 0:01 | Crear | Villager (Male) ×4 |
| 0:03 | Construir | House |
| 0:04 | Construir | House |
| 1:25 | Crear | Villager (Male) |
| 1:49 | Construir | Lumber Camp |
| 1:52 | Crear | Villager (Male) |
| 1:52 | Crear | Villager (Male) |
| 2:25 | Crear | Villager (Male) |
| 2:25 | Crear | Villager (Male) |
| 2:51 | Crear | Villager (Male) |
| 2:51 | Crear | Villager (Male) |
| 3:06 | Crear | Villager (Male) |
| 3:06 | Crear | Villager (Male) |
| 3:17 | Construir | House |
| 3:18 | Construir | House |
| 3:44 | Crear | Villager (Male) |
| 3:44 | Crear | Villager (Male) |
| 3:44 | Crear | Villager (Male) |
| 4:36 | Crear | Villager (Male) |
| 4:38 | Crear | Villager (Male) |
| 4:51 | Crear | Villager (Male) |
| 4:51 | Crear | Villager (Male) |
| 5:04 | Crear | Villager (Male) |
| 5:17 | Crear | Villager (Male) |
| 6:41 | Crear | Villager (Male) |
| 6:48 | Construir | Mining Camp |
| 7:14 | Investigar | Feudal Age |
| 7:57 | Crear | Villager (Male) |
| 8:12 | Construir | Barracks |
| 8:39 | Investigar | Loom |
| 8:41 | Crear | Villager (Male) |
| 9:20 | Crear | Villager (Male) |
| 9:24 | Edad | Edad Feudal |
| 9:26 | Construir | Archery Range |
| 9:31 | Construir | Archery Range |
| 9:43 | Construir | House |
| 9:46 | Crear | Spearman |
| 10:15 | Crear | Villager (Male) |
| 10:39 | Crear | Archer |
| 10:39 | Crear | Archer |
| 10:44 | Crear | Villager (Male) |
| 10:52 | Construir | Blacksmith |
| 11:13 | Construir | Mill |
| 11:15 | Crear | Villager (Male) |
| 11:43 | Construir | House |
| 11:47 | Crear | Archer |
| 12:07 | Construir | House |
| 12:08 | Crear | Archer |
| 12:08 | Crear | Archer |
| 12:10 | Investigar | Fletching |
| 12:10 | Investigar | Fletching |
| 12:16 | Construir | Farm |
| 12:42 | Crear | Villager (Male) |
| 12:43 | Crear | Villager (Male) |
| 12:47 | Construir | Farm |
| 12:50 | Construir | Farm |
| 12:53 | Crear | Archer |
| 12:54 | Crear | Villager (Male) |
| 13:04 | Investigar | Double-Bit Axe |
| 13:04 | Investigar | Double-Bit Axe |
| 13:11 | Construir | House |
| 13:15 | Construir | Palisade Wall |
| 13:20 | Crear | Archer |
| 13:20 | Crear | Archer |
| 13:38 | Construir | Palisade Gate |
| 13:41 | Crear | Archer |
| 13:54 | Investigar | Horse Collar |
| 13:54 | Investigar | Horse Collar |
| 13:57 | Crear | Villager (Male) |
| 14:05 | Crear | Archer |
| 14:10 | Crear | Villager (Male) |
| 14:18 | Construir | Farm |
| 14:25 | Construir | House |
| 14:26 | Construir | Palisade Wall |
| 14:35 | Crear | Archer |
| 14:36 | Crear | Archer |
| 14:44 | Crear | Villager (Male) |
| 14:57 | Construir | Farm |
| 15:00 | Construir | House |
| 15:02 | Construir | Palisade Wall |
| 15:06 | Crear | Villager (Male) |
| 15:16 | Investigar | Padded Archer Armor |
| 15:16 | Investigar | Padded Archer Armor |
| 15:18 | Crear | Archer |
| 15:18 | Crear | Archer |
| 15:21 | Crear | Archer |
| 15:37 | Crear | Villager (Male) |
| 15:37 | Crear | Archer |
| 15:46 | Construir | House |
| 15:55 | Crear | Archer |
| 16:01 | Construir | Farm |
| 16:02 | Crear | Archer |
| 16:03 | Crear | Villager (Male) |
| 16:21 | Crear | Villager (Male) |
| 16:52 | Crear | Archer |
| 16:52 | Crear | Archer |
| 16:53 | Crear | Villager (Male) |
| 16:54 | Crear | Villager (Male) |
| 17:06 | Construir | House |
| 17:12 | Construir | Palisade Gate |
| 17:16 | Construir | Farm |
| 17:16 | Construir | Farm |
| 17:16 | Construir | Farm |
| 17:17 | Construir | Farm |
| 17:17 | Construir | Farm |
| 17:24 | Crear | Villager (Male) |
| 17:45 | Crear | Villager (Male) |
| 17:45 | Crear | Archer |
| 17:46 | Crear | Archer |
| 17:56 | Crear | Archer |
| 17:57 | Crear | Villager (Male) |
| 18:06 | Construir | Farm |
| 18:08 | Construir | House |
| 18:09 | Construir | Palisade Wall |
| 18:22 | Crear | Archer |
| 18:44 | Crear | Villager (Male) |
| 18:57 | Construir | Palisade Wall |
| 19:14 | Crear | Archer |
| 19:15 | Crear | Villager (Male) |
| 19:18 | Crear | Archer |
| 19:46 | Crear | Archer |
| 19:46 | Crear | Archer |
| 19:52 | Investigar | Wheelbarrow |
| 19:57 | Crear | Archer |
| 20:03 | Construir | Market |
| 20:09 | Construir | Lumber Camp |
| 20:16 | Crear | Archer |
| 20:16 | Crear | Archer |
| 20:55 | Construir | Palisade Wall |
| 21:04 | Investigar | Castle Age |
| 21:08 | Crear | Archer |
| 21:08 | Crear | Archer |
| 21:28 | Construir | Archery Range |
| 21:32 | Crear | Archer |
| 21:34 | Crear | Villager (Male) |
| 21:40 | Construir | House |
| 21:42 | Construir | House |
| 21:47 | Crear | Archer |
| 21:47 | Crear | Archer |
| 21:59 | Construir | Farm |
| 22:01 | Construir | Farm |
| 22:03 | Crear | Archer |
| 22:03 | Crear | Archer |
| 22:25 | Crear | Archer |
| 22:25 | Crear | Archer |
| 22:43 | Crear | Villager (Male) |
| 22:43 | Crear | Archer |
| 22:43 | Crear | Archer |
| 23:00 | Construir | House |
| 23:01 | Construir | House |
Build order — Elacrai
Primeras 150 de 335 acciones detectadas
| 0:00 | Crear | Villager (Male) |
| 0:01 | Crear | Villager (Male) |
| 0:01 | Crear | Villager (Male) |
| 0:01 | Crear | Villager (Male) |
| 0:02 | Construir | House |
| 0:03 | Construir | House |
| 1:26 | Crear | Villager (Male) |
| 2:01 | Crear | Villager (Male) |
| 2:14 | Construir | Lumber Camp |
| 2:34 | Crear | Villager (Male) |
| 2:34 | Crear | Villager (Male) |
| 3:22 | Crear | Villager (Male) |
| 3:23 | Crear | Villager (Male) |
| 3:37 | Crear | Villager (Male) |
| 4:05 | Construir | House |
| 4:33 | Crear | Villager (Male) |
| 4:58 | Crear | Villager (Male) |
| 5:02 | Crear | Villager (Male) |
| 5:38 | Construir | Mill |
| 5:51 | Crear | Villager (Male) |
| 6:23 | Crear | Villager (Male) |
| 6:49 | Investigar | Feudal Age |
| 7:38 | Construir | Barracks |
| 8:21 | Crear | Villager (Male) |
| 8:30 | Construir | House |
| 8:58 | Edad | Edad Feudal |
| 9:00 | Construir | Stable |
| 9:11 | Construir | Blacksmith |
| 9:19 | Crear | Villager (Male) |
| 9:20 | Investigar | Double-Bit Axe |
| 9:34 | Crear | Villager (Male) |
| 9:37 | Investigar | Loom |
| 10:05 | Crear | Scout Cavalry |
| 10:11 | Construir | House |
| 10:22 | Investigar | Forging |
| 10:35 | Crear | Scout Cavalry |
| 10:53 | Construir | Pasture |
| 10:57 | Construir | Pasture |
| 11:07 | Crear | Villager (Male) |
| 11:10 | Construir | Pasture |
| 11:11 | Crear | Scout Cavalry |
| 11:43 | Crear | Villager (Male) |
| 11:53 | Crear | Scout Cavalry |
| 11:59 | Construir | House |
| 12:04 | Crear | Villager (Male) |
| 12:37 | Crear | Scout Cavalry |
| 12:39 | Crear | Villager (Male) |
| 12:53 | Construir | House |
| 12:56 | Construir | Pasture |
| 12:59 | Construir | Pasture |
| 13:09 | Crear | Villager (Male) |
| 13:18 | Construir | Pasture |
| 13:21 | Construir | Pasture |
| 13:28 | Crear | Scout Cavalry |
| 13:39 | Crear | Villager (Male) |
| 13:47 | Construir | House |
| 13:48 | Construir | Palisade Wall |
| 14:11 | Crear | Villager (Male) |
| 14:12 | Crear | Scout Cavalry |
| 14:42 | Crear | Scout Cavalry |
| 14:43 | Crear | Villager (Male) |
| 15:27 | Crear | Villager (Male) |
| 15:27 | Crear | Scout Cavalry |
| 15:30 | Investigar | Scale Barding Armor |
| 15:34 | Construir | Palisade Wall |
| 15:39 | Construir | Pasture |
| 15:47 | Construir | Lumber Camp |
| 15:57 | Construir | Palisade Wall |
| 15:58 | Crear | Villager (Male) |
| 15:58 | Crear | Scout Cavalry |
| 16:17 | Construir | Palisade Wall |
| 16:21 | Construir | Stable |
| 16:29 | Crear | Villager (Male) |
| 16:37 | Crear | Scout Cavalry |
| 16:56 | Crear | Scout Cavalry |
| 17:00 | Crear | Villager (Male) |
| 17:03 | Crear | Villager (Male) |
| 17:04 | Construir | House |
| 17:07 | Construir | Pasture |
| 17:17 | Construir | Pasture |
| 17:27 | Crear | Villager (Male) |
| 17:58 | Crear | Villager (Male) |
| 17:59 | Crear | Scout Cavalry |
| 18:27 | Crear | Scout Cavalry |
| 18:34 | Construir | House |
| 18:35 | Construir | House |
| 18:37 | Construir | House |
| 19:03 | Crear | Scout Cavalry |
| 19:03 | Crear | Scout Cavalry |
| 19:04 | Crear | Villager (Male) |
| 19:08 | Construir | Palisade Wall |
| 19:14 | Construir | Mining Camp |
| 19:22 | Crear | Scout Cavalry |
| 19:23 | Crear | Scout Cavalry |
| 19:24 | Crear | Villager (Male) |
| 19:35 | Construir | Pasture |
| 19:52 | Construir | House |
| 20:09 | Crear | Scout Cavalry |
| 20:09 | Crear | Scout Cavalry |
| 20:10 | Crear | Villager (Male) |
| 20:10 | Crear | Villager (Male) |
| 20:40 | Crear | Scout Cavalry |
| 20:41 | Crear | Villager (Male) |
| 21:07 | Crear | Scout Cavalry |
| 21:08 | Crear | Villager (Male) |
| 21:23 | Construir | Lumber Camp |
| 21:39 | Crear | Scout Cavalry |
| 21:44 | Construir | Pasture |
| 21:59 | Crear | Scout Cavalry |
| 22:00 | Crear | Villager (Male) |
| 22:05 | Crear | Scout Cavalry |
| 22:12 | Construir | Pasture |
| 22:41 | Crear | Scout Cavalry |
| 22:42 | Crear | Scout Cavalry |
| 22:42 | Crear | Villager (Male) |
| 22:43 | Crear | Villager (Male) |
| 23:19 | Crear | Scout Cavalry |
| 23:20 | Crear | Villager (Male) |
| 23:21 | Crear | Scout Cavalry |
| 23:22 | Crear | Scout Cavalry |
| 23:23 | Crear | Villager (Male) |
| 23:26 | Construir | Pasture |
| 23:37 | Crear | Villager (Male) |
| 23:44 | Crear | Scout Cavalry |
| 23:58 | Construir | Palisade Wall |
| 24:04 | Crear | Scout Cavalry |
| 24:04 | Crear | Scout Cavalry |
| 24:08 | Crear | Scout Cavalry |
| 24:25 | Crear | Scout Cavalry |
| 24:25 | Crear | Scout Cavalry |
| 25:32 | Crear | Scout Cavalry |
| 25:32 | Crear | Scout Cavalry |
| 25:43 | Crear | Villager (Male) |
| 25:48 | Construir | Archery Range |
| 26:29 | Construir | Lumber Camp |
| 26:33 | Crear | Skirmisher |
| 26:40 | Construir | Market |
| 26:51 | Crear | Archer |
| 27:03 | Crear | Villager (Male) |
| 27:17 | Crear | Archer |
| 27:18 | Crear | Archer |
| 27:44 | Investigar | Castle Age |
| 27:44 | Investigar | Castle Age |
| 27:56 | Construir | Palisade Wall |
| 27:58 | Construir | Palisade Wall |
| 28:00 | Construir | Palisade Wall |
| 28:06 | Construir | Palisade Wall |
| 28:14 | Construir | Lumber Camp |
| 28:52 | Crear | Archer |
| 28:52 | Crear | Archer |
Build order — Esponjocito
Primeras 150 de 518 acciones detectadas
| 0:05 | Investigar | Loom |
| 0:05 | Investigar | Loom |
| 0:47 | Crear | Villager (Male) |
| 0:48 | Crear | Villager (Male) |
| 0:48 | Crear | Villager (Male) |
| 1:21 | Crear | Villager (Male) |
| 1:43 | Crear | Villager (Male) |
| 1:43 | Crear | Villager (Male) |
| 2:07 | Crear | Villager (Male) |
| 2:07 | Crear | Villager (Male) |
| 2:38 | Crear | Villager (Male) |
| 2:38 | Crear | Villager (Male) |
| 2:49 | Construir | Lumber Camp |
| 2:50 | Crear | Villager (Male) |
| 3:04 | Crear | Villager (Male) |
| 3:15 | Crear | Villager (Male) |
| 3:38 | Crear | Villager (Male) |
| 3:57 | Construir | House |
| 4:17 | Crear | Villager (Male) |
| 4:17 | Crear | Villager (Male) |
| 4:41 | Construir | Mining Camp |
| 5:39 | Crear | Villager (Male) |
| 5:41 | Crear | Villager (Male) |
| 6:11 | Construir | House |
| 6:45 | Investigar | Feudal Age |
| 6:45 | Investigar | Feudal Age |
| 7:38 | Construir | Barracks |
| 7:49 | Crear | Villager (Male) |
| 8:23 | Construir | House |
| 8:54 | Edad | Edad Feudal |
| 9:00 | Construir | Archery Range |
| 9:05 | Crear | Villager (Male) |
| 9:16 | Construir | Archery Range |
| 9:21 | Crear | Villager (Male) |
| 9:40 | Crear | Villager (Male) |
| 10:11 | Crear | Villager (Male) |
| 10:14 | Construir | Blacksmith |
| 10:30 | Crear | Archer |
| 10:37 | Crear | Villager (Male) |
| 11:00 | Crear | Villager (Male) |
| 11:02 | Crear | Archer |
| 11:02 | Crear | Archer |
| 11:03 | Construir | House |
| 11:16 | Crear | Archer |
| 11:30 | Crear | Villager (Male) |
| 11:37 | Construir | Mill |
| 11:46 | Crear | Villager (Male) |
| 12:00 | Crear | Villager (Male) |
| 12:03 | Crear | Archer |
| 12:03 | Crear | Archer |
| 12:23 | Crear | Archer |
| 12:30 | Crear | Archer |
| 12:31 | Crear | Archer |
| 12:44 | Crear | Archer |
| 13:08 | Crear | Archer |
| 13:17 | Crear | Villager (Male) |
| 13:17 | Crear | Villager (Male) |
| 13:34 | Crear | Archer |
| 13:34 | Crear | Archer |
| 13:48 | Construir | Palisade Wall |
| 13:49 | Construir | Palisade Wall |
| 13:57 | Crear | Villager (Male) |
| 14:17 | Investigar | Fletching |
| 14:21 | Crear | Archer |
| 14:22 | Crear | Archer |
| 14:42 | Construir | Palisade Wall |
| 14:43 | Construir | Palisade Wall |
| 15:03 | Crear | Archer |
| 15:05 | Construir | Farm |
| 15:16 | Construir | Farm |
| 15:28 | Construir | Farm |
| 15:31 | Crear | Archer |
| 15:32 | Crear | Archer |
| 15:32 | Crear | Archer |
| 15:35 | Construir | House |
| 15:38 | Construir | House |
| 15:38 | Construir | Palisade Wall |
| 15:43 | Crear | Archer |
| 15:43 | Crear | Archer |
| 15:43 | Crear | Villager (Male) |
| 15:55 | Crear | Archer |
| 15:55 | Crear | Archer |
| 16:10 | Crear | Villager (Male) |
| 16:16 | Crear | Spearman |
| 16:49 | Crear | Archer |
| 16:53 | Construir | Farm |
| 16:58 | Crear | Villager (Male) |
| 17:01 | Crear | Villager (Male) |
| 17:05 | Crear | Archer |
| 17:05 | Crear | Archer |
| 17:06 | Crear | Villager (Male) |
| 17:11 | Construir | Farm |
| 17:30 | Investigar | Padded Archer Armor |
| 17:30 | Investigar | Padded Archer Armor |
| 17:36 | Crear | Villager (Male) |
| 17:36 | Crear | Villager (Male) |
| 17:59 | Construir | Lumber Camp |
| 18:04 | Crear | Villager (Male) |
| 18:05 | Crear | Archer |
| 18:05 | Crear | Archer |
| 18:09 | Construir | House |
| 18:10 | Construir | House |
| 18:40 | Crear | Villager (Male) |
| 19:03 | Crear | Villager (Male) |
| 19:08 | Crear | Villager (Male) |
| 19:14 | Construir | Farm |
| 19:19 | Construir | Palisade Wall |
| 19:33 | Crear | Archer |
| 19:33 | Crear | Archer |
| 19:37 | Crear | Villager (Male) |
| 19:45 | Construir | Farm |
| 19:47 | Construir | House |
| 19:49 | Construir | House |
| 19:57 | Crear | Archer |
| 19:57 | Crear | Archer |
| 20:00 | Crear | Spearman |
| 20:18 | Construir | House |
| 20:49 | Crear | Villager (Male) |
| 21:10 | Crear | Archer |
| 21:10 | Crear | Archer |
| 21:10 | Crear | Villager (Male) |
| 21:11 | Crear | Villager (Male) |
| 21:34 | Crear | Spearman |
| 21:34 | Crear | Spearman |
| 21:35 | Crear | Villager (Male) |
| 21:39 | Crear | Spearman |
| 21:39 | Crear | Spearman |
| 21:44 | Construir | House |
| 21:45 | Construir | Palisade Wall |
| 21:56 | Crear | Spearman |
| 22:14 | Construir | Palisade Wall |
| 22:15 | Construir | Palisade Wall |
| 22:22 | Investigar | Scale Mail Armor |
| 22:22 | Investigar | Scale Mail Armor |
| 22:51 | Crear | Villager (Male) |
| 22:57 | Crear | Spearman |
| 22:57 | Crear | Spearman |
| 23:02 | Crear | Archer |
| 23:02 | Crear | Archer |
| 23:11 | Crear | Spearman |
| 23:12 | Crear | Villager (Male) |
| 23:15 | Construir | Farm |
| 23:15 | Construir | Farm |
| 23:16 | Construir | Farm |
| 23:16 | Construir | Farm |
| 23:16 | Construir | Farm |
| 23:17 | Crear | Archer |
| 23:40 | Crear | Villager (Male) |
| 23:49 | Construir | Farm |
| 23:53 | Construir | Farm |
Build order — Vermint
Primeras 150 de 501 acciones detectadas
| 0:01 | Crear | Villager (Male) |
| 0:01 | Crear | Villager (Male) |
| 0:02 | Construir | House |
| 0:05 | Construir | House |
| 0:09 | Crear | Villager (Male) |
| 0:09 | Crear | Villager (Male) |
| 0:10 | Crear | Villager (Male) |
| 1:32 | Crear | Villager (Male) |
| 1:45 | Construir | Lumber Camp |
| 1:55 | Crear | Villager (Male) |
| 2:07 | Crear | Villager (Male) |
| 2:47 | Construir | House |
| 3:07 | Crear | Villager (Male) |
| 3:29 | Crear | Villager (Male) |
| 3:41 | Crear | Villager (Male) |
| 3:42 | Crear | Villager (Male) |
| 3:42 | Crear | Villager (Male) |
| 4:20 | Crear | Villager (Male) |
| 4:30 | Construir | Mill |
| 4:57 | Crear | Villager (Male) |
| 4:57 | Crear | Villager (Male) |
| 5:12 | Crear | Villager (Male) |
| 5:27 | Construir | House |
| 6:00 | Crear | Villager (Male) |
| 6:00 | Crear | Villager (Male) |
| 6:28 | Crear | Villager (Male) |
| 6:36 | Investigar | Loom |
| 7:11 | Investigar | Feudal Age |
| 7:42 | Construir | Palisade Wall |
| 8:23 | Crear | Villager (Male) |
| 8:24 | Crear | Villager (Male) |
| 8:51 | Construir | Barracks |
| 8:55 | Construir | House |
| 9:01 | Construir | House |
| 9:25 | Crear | Villager (Male) |
| 9:27 | Edad | Edad Feudal |
| 9:50 | Construir | Stable |
| 10:19 | Investigar | Double-Bit Axe |
| 10:36 | Construir | House |
| 10:39 | Crear | Scout Cavalry |
| 10:47 | Construir | House |
| 11:10 | Construir | House |
| 11:12 | Construir | Palisade Wall |
| 11:13 | Construir | Palisade Wall |
| 11:24 | Crear | Scout Cavalry |
| 11:26 | Crear | Villager (Male) |
| 11:38 | Construir | Blacksmith |
| 11:41 | Construir | Palisade Wall |
| 11:46 | Construir | Palisade Wall |
| 11:49 | Crear | Scout Cavalry |
| 11:52 | Crear | Villager (Male) |
| 11:58 | Investigar | Horse Collar |
| 12:09 | Crear | Scout Cavalry |
| 12:10 | Crear | Villager (Male) |
| 12:17 | Construir | Farm |
| 12:18 | Construir | Farm |
| 12:18 | Construir | Farm |
| 12:18 | Construir | Farm |
| 12:18 | Construir | Farm |
| 12:50 | Crear | Scout Cavalry |
| 12:54 | Crear | Spearman |
| 13:00 | Construir | Farm |
| 13:26 | Crear | Villager (Male) |
| 13:37 | Crear | Villager (Male) |
| 14:03 | Construir | House |
| 14:20 | Investigar | Scale Barding Armor |
| 14:22 | Construir | Farm |
| 14:22 | Construir | Farm |
| 14:23 | Construir | Farm |
| 14:23 | Construir | Farm |
| 14:24 | Crear | Villager (Male) |
| 14:26 | Construir | Farm |
| 14:56 | Construir | House |
| 15:06 | Crear | Villager (Male) |
| 15:24 | Crear | Villager (Male) |
| 15:42 | Construir | Farm |
| 15:43 | Construir | Farm |
| 15:47 | Construir | House |
| 16:04 | Crear | Villager (Male) |
| 16:16 | Crear | Villager (Male) |
| 16:37 | Construir | House |
| 16:38 | Crear | Villager (Male) |
| 16:56 | Construir | Farm |
| 17:00 | Construir | Farm |
| 17:10 | Crear | Spearman |
| 17:25 | Construir | Lumber Camp |
| 17:25 | Crear | Villager (Male) |
| 17:27 | Construir | Farm |
| 17:50 | Construir | Market |
| 17:55 | Construir | Market |
| 18:00 | Construir | Farm |
| 18:03 | Crear | Villager (Male) |
| 18:12 | Construir | Mining Camp |
| 18:21 | Construir | House |
| 18:23 | Construir | House |
| 18:27 | Crear | Villager (Male) |
| 18:28 | Crear | Scout Cavalry |
| 18:48 | Crear | Villager (Male) |
| 18:49 | Crear | Scout Cavalry |
| 19:00 | Construir | Farm |
| 19:02 | Crear | Scout Cavalry |
| 19:18 | Construir | House |
| 19:32 | Construir | Palisade Gate |
| 19:36 | Construir | Palisade Wall |
| 19:39 | Crear | Villager (Male) |
| 19:52 | Crear | Scout Cavalry |
| 20:03 | Crear | Villager (Male) |
| 20:21 | Construir | Farm |
| 20:31 | Construir | Farm |
| 20:33 | Construir | Farm |
| 21:10 | Investigar | Castle Age |
| 21:11 | Crear | Scout Cavalry |
| 21:17 | Construir | Farm |
| 21:18 | Construir | Farm |
| 21:21 | Construir | Farm |
| 21:39 | Crear | Scout Cavalry |
| 22:05 | Construir | Stable |
| 22:36 | Crear | Scout Cavalry |
| 22:36 | Crear | Villager (Male) |
| 22:53 | Construir | House |
| 22:55 | Construir | House |
| 22:57 | Construir | House |
| 23:09 | Crear | Scout Cavalry |
| 23:13 | Investigar | Bloodlines |
| 23:14 | Investigar | Forging |
| 23:44 | Crear | Villager (Male) |
| 23:50 | Edad | Edad de los Castillos |
| 23:51 | Investigar | Gold Mining |
| 23:56 | Crear | Knight |
| 24:15 | Crear | Knight |
| 24:17 | Crear | Villager (Male) |
| 24:17 | Crear | Villager (Male) |
| 24:20 | Investigar | Bow Saw |
| 24:49 | Crear | Scout Cavalry |
| 24:49 | Crear | Scout Cavalry |
| 24:53 | Crear | Knight |
| 25:05 | Crear | Knight |
| 25:05 | Crear | Knight |
| 25:06 | Crear | Villager (Male) |
| 25:07 | Crear | Villager (Male) |
| 25:07 | Crear | Villager (Male) |
| 25:10 | Investigar | Chain Barding Armor |
| 25:43 | Crear | Knight |
| 25:44 | Crear | Knight |
| 26:10 | Construir | Town Center |
| 26:13 | Construir | House |
| 26:21 | Crear | Scout Cavalry |
| 26:21 | Crear | Villager (Male) |
| 26:26 | Construir | House |
| 26:28 | Crear | Villager (Male) |
Build order — DiegoRH7955
Primeras 150 de 669 acciones detectadas
| 0:01 | Crear | Villager (Male) |
| 0:02 | Crear | Villager (Male) |
| 0:02 | Crear | Villager (Male) |
| 0:04 | Construir | House |
| 0:05 | Construir | House |
| 0:16 | Crear | Villager (Male) |
| 0:16 | Crear | Villager (Male) |
| 1:27 | Crear | Villager (Male) |
| 1:51 | Crear | Villager (Male) |
| 1:51 | Crear | Villager (Male) |
| 1:54 | Construir | Lumber Camp |
| 2:21 | Crear | Villager (Male) |
| 2:21 | Crear | Villager (Male) |
| 2:50 | Crear | Villager (Male) |
| 2:50 | Crear | Villager (Male) |
| 3:03 | Construir | House |
| 3:18 | Crear | Villager (Male) |
| 3:31 | Construir | House |
| 3:44 | Crear | Villager (Male) |
| 3:44 | Crear | Villager (Male) |
| 4:12 | Crear | Villager (Male) |
| 4:14 | Crear | Villager (Male) |
| 4:36 | Construir | Mill |
| 4:55 | Crear | Villager (Male) |
| 5:25 | Crear | Villager (Male) |
| 5:26 | Crear | Villager (Male) |
| 6:04 | Crear | Villager (Male) |
| 6:47 | Investigar | Loom |
| 7:14 | Investigar | Feudal Age |
| 7:14 | Investigar | Feudal Age |
| 7:55 | Construir | Barracks |
| 8:04 | Crear | Villager (Male) |
| 9:27 | Construir | Stable |
| 9:31 | Investigar | Double-Bit Axe |
| 9:31 | Investigar | Double-Bit Axe |
| 9:34 | Crear | Villager (Male) |
| 10:03 | Crear | Villager (Male) |
| 10:24 | Crear | Scout Cavalry |
| 10:24 | Crear | Scout Cavalry |
| 10:27 | Construir | House |
| 10:30 | Construir | Palisade Wall |
| 10:40 | Crear | Villager (Male) |
| 10:40 | Crear | Villager (Male) |
| 10:45 | Construir | Palisade Wall |
| 10:52 | Crear | Scout Cavalry |
| 11:00 | Construir | Blacksmith |
| 11:08 | Construir | Farm |
| 11:11 | Crear | Villager (Male) |
| 11:36 | Construir | House |
| 11:38 | Construir | Farm |
| 11:40 | Construir | Farm |
| 11:41 | Investigar | Forging |
| 11:42 | Investigar | Forging |
| 11:57 | Crear | Villager (Male) |
| 12:05 | Construir | Farm |
| 12:06 | Construir | Farm |
| 12:18 | Crear | Scout Cavalry |
| 12:18 | Crear | Scout Cavalry |
| 12:29 | Construir | House |
| 12:45 | Crear | Villager (Male) |
| 12:55 | Construir | Farm |
| 12:57 | Construir | Farm |
| 13:00 | Crear | Scout Cavalry |
| 13:03 | Crear | Villager (Male) |
| 13:05 | Construir | Farm |
| 13:25 | Crear | Scout Cavalry |
| 13:25 | Crear | Scout Cavalry |
| 13:35 | Construir | House |
| 13:36 | Crear | Villager (Male) |
| 13:42 | Construir | Farm |
| 13:43 | Construir | Farm |
| 13:44 | Construir | Farm |
| 13:59 | Crear | Scout Cavalry |
| 14:04 | Construir | Farm |
| 14:13 | Construir | Palisade Wall |
| 14:20 | Crear | Villager (Male) |
| 14:20 | Crear | Villager (Male) |
| 14:38 | Crear | Scout Cavalry |
| 14:38 | Crear | Scout Cavalry |
| 14:54 | Crear | Scout Cavalry |
| 15:15 | Crear | Scout Cavalry |
| 15:15 | Crear | Scout Cavalry |
| 15:23 | Construir | Farm |
| 15:24 | Construir | Farm |
| 15:33 | Crear | Scout Cavalry |
| 15:37 | Crear | Villager (Male) |
| 15:52 | Construir | Farm |
| 15:55 | Construir | House |
| 15:57 | Construir | Palisade Wall |
| 16:03 | Construir | Farm |
| 16:04 | Investigar | Scale Barding Armor |
| 16:15 | Crear | Villager (Male) |
| 16:22 | Construir | Farm |
| 16:53 | Crear | Scout Cavalry |
| 17:00 | Construir | Farm |
| 17:04 | Construir | House |
| 17:05 | Construir | House |
| 17:08 | Construir | House |
| 17:18 | Crear | Spearman |
| 17:19 | Crear | Spearman |
| 17:19 | Crear | Spearman |
| 17:27 | Crear | Scout Cavalry |
| 17:29 | Crear | Villager (Male) |
| 17:36 | Construir | Palisade Wall |
| 17:37 | Construir | Palisade Wall |
| 17:49 | Construir | House |
| 17:57 | Crear | Villager (Male) |
| 18:00 | Crear | Spearman |
| 18:01 | Crear | Spearman |
| 18:07 | Construir | House |
| 18:09 | Construir | House |
| 18:12 | Construir | House |
| 18:14 | Construir | Palisade Wall |
| 18:23 | Crear | Scout Cavalry |
| 18:24 | Crear | Scout Cavalry |
| 18:48 | Construir | Palisade Wall |
| 18:56 | Crear | Villager (Male) |
| 19:21 | Crear | Villager (Male) |
| 19:21 | Crear | Villager (Male) |
| 19:25 | Crear | Villager (Male) |
| 19:26 | Crear | Villager (Male) |
| 19:45 | Construir | Farm |
| 19:48 | Construir | Farm |
| 19:49 | Construir | Farm |
| 19:51 | Construir | Farm |
| 20:01 | Crear | Villager (Male) |
| 20:01 | Crear | Villager (Male) |
| 20:06 | Construir | Mining Camp |
| 20:19 | Crear | Scout Cavalry |
| 20:20 | Crear | Scout Cavalry |
| 20:22 | Crear | Villager (Male) |
| 20:41 | Construir | Farm |
| 20:42 | Construir | Farm |
| 21:15 | Construir | Palisade Gate |
| 21:21 | Crear | Scout Cavalry |
| 21:45 | Construir | House |
| 21:52 | Construir | House |
| 22:18 | Crear | Villager (Male) |
| 22:23 | Construir | Farm |
| 22:41 | Investigar | Castle Age |
| 22:50 | Construir | Stable |
| 22:56 | Investigar | Horse Collar |
| 22:56 | Investigar | Horse Collar |
| 23:15 | Crear | Scout Cavalry |
| 23:15 | Crear | Scout Cavalry |
| 23:24 | Investigar | Bloodlines |
| 23:27 | Investigar | Gold Mining |
| 23:27 | Investigar | Gold Mining |
| 24:02 | Construir | Stable |
| 24:10 | Crear | Villager (Male) |
Build order — GABO
Primeras 150 de 506 acciones detectadas
| 0:01 | Crear | Villager (Male) |
| 0:03 | Construir | House |
| 0:04 | Construir | House |
| 0:04 | Crear | Villager (Male) |
| 0:06 | Crear | Villager (Male) |
| 0:12 | Crear | Villager (Male) |
| 0:13 | Crear | Villager (Male) |
| 1:24 | Crear | Villager (Male) |
| 1:52 | Crear | Villager (Male) |
| 1:52 | Crear | Villager (Male) |
| 1:52 | Crear | Villager (Male) |
| 1:55 | Construir | Lumber Camp |
| 2:24 | Crear | Villager (Male) |
| 2:25 | Crear | Villager (Male) |
| 2:52 | Crear | Villager (Male) |
| 2:52 | Crear | Villager (Male) |
| 2:55 | Crear | Villager (Male) |
| 2:55 | Crear | Villager (Male) |
| 3:36 | Crear | Villager (Male) |
| 3:37 | Crear | Villager (Male) |
| 3:37 | Crear | Villager (Male) |
| 3:50 | Construir | House |
| 4:10 | Crear | Villager (Male) |
| 4:14 | Crear | Villager (Male) |
| 4:15 | Crear | Villager (Male) |
| 4:41 | Crear | Villager (Male) |
| 4:41 | Crear | Villager (Male) |
| 5:03 | Construir | House |
| 5:46 | Construir | Mining Camp |
| 6:03 | Investigar | Loom |
| 6:54 | Investigar | Feudal Age |
| 6:54 | Investigar | Feudal Age |
| 7:51 | Construir | Barracks |
| 7:57 | Construir | House |
| 8:04 | Construir | Palisade Wall |
| 8:57 | Crear | Villager (Male) |
| 8:57 | Crear | Villager (Male) |
| 9:04 | Edad | Edad Feudal |
| 9:07 | Construir | Archery Range |
| 9:08 | Construir | Archery Range |
| 9:17 | Crear | Villager (Male) |
| 10:05 | Crear | Villager (Male) |
| 10:08 | Crear | Archer |
| 10:09 | Crear | Archer |
| 10:09 | Crear | Archer |
| 10:27 | Crear | Villager (Male) |
| 10:28 | Crear | Villager (Male) |
| 10:30 | Crear | Archer |
| 10:30 | Crear | Archer |
| 10:30 | Crear | Archer |
| 10:53 | Crear | Villager (Male) |
| 10:58 | Crear | Archer |
| 10:58 | Crear | Archer |
| 10:58 | Crear | Archer |
| 11:12 | Construir | House |
| 11:25 | Crear | Archer |
| 11:25 | Crear | Archer |
| 11:25 | Crear | Archer |
| 11:35 | Crear | Villager (Male) |
| 11:42 | Construir | Blacksmith |
| 11:56 | Crear | Villager (Male) |
| 12:01 | Crear | Archer |
| 12:01 | Crear | Archer |
| 12:13 | Construir | House |
| 12:36 | Crear | Archer |
| 12:37 | Crear | Archer |
| 12:41 | Construir | House |
| 12:41 | Crear | Villager (Male) |
| 12:46 | Crear | Archer |
| 12:55 | Construir | Palisade Wall |
| 13:05 | Crear | Archer |
| 13:05 | Crear | Archer |
| 13:14 | Construir | Mill |
| 13:15 | Crear | Villager (Male) |
| 13:41 | Construir | House |
| 13:47 | Crear | Archer |
| 13:47 | Crear | Archer |
| 13:47 | Crear | Villager (Male) |
| 14:05 | Construir | House |
| 14:06 | Construir | House |
| 14:11 | Investigar | Fletching |
| 14:12 | Investigar | Fletching |
| 14:14 | Crear | Archer |
| 14:14 | Crear | Archer |
| 14:14 | Crear | Archer |
| 14:34 | Crear | Archer |
| 14:34 | Crear | Archer |
| 14:42 | Crear | Archer |
| 14:42 | Crear | Archer |
| 14:43 | Crear | Archer |
| 14:50 | Crear | Villager (Male) |
| 14:58 | Construir | House |
| 14:59 | Construir | Palisade Wall |
| 15:12 | Investigar | Padded Archer Armor |
| 15:21 | Crear | Archer |
| 15:22 | Crear | Archer |
| 15:27 | Crear | Archer |
| 15:27 | Crear | Archer |
| 15:45 | Construir | Farm |
| 15:45 | Crear | Villager (Male) |
| 15:46 | Crear | Villager (Male) |
| 15:48 | Construir | Farm |
| 15:54 | Crear | Archer |
| 15:54 | Crear | Archer |
| 15:55 | Crear | Villager (Male) |
| 16:03 | Construir | Palisade Wall |
| 16:05 | Crear | Archer |
| 16:05 | Crear | Archer |
| 16:17 | Crear | Villager (Male) |
| 16:17 | Crear | Villager (Male) |
| 16:25 | Construir | Farm |
| 17:03 | Crear | Archer |
| 17:03 | Crear | Archer |
| 17:07 | Crear | Archer |
| 17:07 | Crear | Archer |
| 17:07 | Crear | Villager (Male) |
| 17:10 | Construir | Farm |
| 17:12 | Crear | Villager (Male) |
| 17:13 | Construir | Farm |
| 17:17 | Construir | Farm |
| 17:17 | Crear | Villager (Male) |
| 17:17 | Crear | Villager (Male) |
| 17:24 | Crear | Villager (Male) |
| 17:25 | Crear | Villager (Male) |
| 17:32 | Construir | House |
| 17:37 | Crear | Archer |
| 17:38 | Crear | Archer |
| 17:38 | Crear | Archer |
| 17:42 | Crear | Villager (Male) |
| 17:47 | Crear | Archer |
| 17:47 | Crear | Archer |
| 18:07 | Crear | Archer |
| 18:07 | Crear | Villager (Male) |
| 18:14 | Construir | House |
| 18:15 | Crear | Villager (Male) |
| 18:15 | Crear | Villager (Male) |
| 18:19 | Construir | House |
| 18:44 | Crear | Archer |
| 18:45 | Crear | Archer |
| 18:50 | Construir | Palisade Wall |
| 18:53 | Construir | House |
| 19:43 | Crear | Archer |
| 19:44 | Crear | Archer |
| 19:44 | Crear | Villager (Male) |
| 19:48 | Construir | Farm |
| 19:49 | Construir | Farm |
| 20:15 | Construir | Lumber Camp |
| 20:20 | Crear | Archer |
| 20:20 | Crear | Archer |
| 20:24 | Crear | Archer |
Cronología de la partida
| 7:38 | Elacrai · first_building Barracks |
| 7:38 | Esponjocito · first_building Barracks |
| 7:42 | Vermint · wall_segment Palisade Wall x1 |
| 7:51 | GABO · first_building Barracks |
| 7:55 | DiegoRH7955 · first_building Barracks |
| 8:04 | GABO · wall_segment Palisade Wall x3 |
| 8:12 | Lord Ramsbottom · first_building Barracks |
| 8:51 | Vermint · first_building Barracks |
| 8:54 | Esponjocito · age_up feudal |
| 8:58 | Elacrai · age_up feudal |
| 9:00 | Elacrai · first_building Stable |
| 9:00 | Esponjocito · first_building Archery Range |
| 9:04 | GABO · age_up feudal |
| 9:07 | GABO · first_building Archery Range |
| 9:24 | Lord Ramsbottom · age_up feudal |
| 9:26 | Lord Ramsbottom · first_building Archery Range |
| 9:27 | Vermint · age_up feudal |
| 9:27 | DiegoRH7955 · first_building Stable |
| 9:50 | Vermint · first_building Stable |
| 10:30 | DiegoRH7955 · wall_segment Palisade Wall x8 |
| 10:45 | DiegoRH7955 · wall_segment Palisade Wall x9 |
| 11:12 | Vermint · wall_segment Palisade Wall x1 |
| 11:13 | Vermint · wall_segment Palisade Wall x1 |
| 11:41 | Vermint · wall_segment Palisade Wall x1 |
| 11:46 | Vermint · wall_segment Palisade Wall x8 |
| 12:55 | GABO · wall_segment Palisade Wall x11 |
| 13:15 | Lord Ramsbottom · wall_segment Palisade Wall x7 |
| 13:48 | Esponjocito · wall_segment Palisade Wall x1 |
| 13:48 | Elacrai · wall_segment Palisade Wall x1 |
| 13:49 | Esponjocito · wall_segment Palisade Wall x1 |
| 14:13 | DiegoRH7955 · wall_segment Palisade Wall x11 |
| 14:26 | Lord Ramsbottom · wall_segment Palisade Wall x5 |
| 14:42 | Esponjocito · wall_segment Palisade Wall x3 |
| 14:43 | Esponjocito · wall_segment Palisade Wall x1 |
| 14:59 | GABO · wall_segment Palisade Wall x1 |
| 15:02 | Lord Ramsbottom · wall_segment Palisade Wall x5 |
| 15:34 | Elacrai · wall_segment Palisade Wall x1 |
| 15:38 | Esponjocito · wall_segment Palisade Wall x1 |
| 15:57 | Elacrai · wall_segment Palisade Wall x10 |
| 15:57 | DiegoRH7955 · wall_segment Palisade Wall x14 |
| 16:03 | GABO · wall_segment Palisade Wall x11 |
| 16:17 | Elacrai · wall_segment Palisade Wall x3 |
| 17:36 | DiegoRH7955 · wall_segment Palisade Wall x1 |
| 17:37 | DiegoRH7955 · wall_segment Palisade Wall x1 |
| 18:09 | Lord Ramsbottom · wall_segment Palisade Wall x13 |
| 18:14 | DiegoRH7955 · wall_segment Palisade Wall x1 |
| 18:48 | DiegoRH7955 · wall_segment Palisade Wall x1 |
| 18:50 | GABO · wall_segment Palisade Wall x1 |
| 18:57 | Lord Ramsbottom · wall_segment Palisade Wall x1 |
| 19:08 | Elacrai · wall_segment Palisade Wall x4 |
| 19:19 | Esponjocito · wall_segment Palisade Wall x6 |
| 19:36 | Vermint · wall_segment Palisade Wall x3 |
| 19:49 | Vermint · first_market_sell 100 wood |
| 19:55 | Vermint · first_market_buy 100 food |
| 20:45 | GABO · wall_segment Palisade Wall x1 |
| 20:55 | Lord Ramsbottom · wall_segment Palisade Wall x1 |
| 21:01 | Lord Ramsbottom · first_market_buy 100 food |
| 21:02 | Lord Ramsbottom · first_market_sell 100 wood |
| 21:41 | GABO · wall_segment Palisade Wall x1 |
| 21:45 | Esponjocito · wall_segment Palisade Wall x6 |
| 22:14 | Esponjocito · wall_segment Palisade Wall x6 |
| 22:15 | Esponjocito · wall_segment Palisade Wall x11 |
| 23:47 | Lord Ramsbottom · age_up castle |
| 23:50 | Vermint · age_up castle |
| 23:58 | Elacrai · wall_segment Palisade Wall x1 |
| 25:32 | GABO · wall_segment Palisade Wall x1 |
| 25:41 | GABO · age_up castle |
| 25:48 | Elacrai · first_building Archery Range |
| 27:44 | Lord Ramsbottom · first_building Stable |
| 27:56 | Elacrai · wall_segment Palisade Wall x1 |
| 27:58 | Elacrai · wall_segment Palisade Wall x2 |
| 28:00 | Elacrai · wall_segment Palisade Wall x6 |
| 28:06 | Elacrai · wall_segment Palisade Wall x3 |
| 29:28 | DiegoRH7955 · first_building Monastery |
| 30:01 | GABO · wall_segment Palisade Wall x2 |
| 30:24 | Elacrai · age_up castle |
| 30:33 | Esponjocito · age_up castle |
| 30:33 | GABO · wall_segment Palisade Wall x1 |
| 31:27 | Esponjocito · wall_segment Palisade Wall x1 |
| 31:27 | GABO · first_building Siege Workshop |
| 31:28 | Esponjocito · wall_segment Palisade Wall x1 |
| 35:11 | GABO · first_building Monastery |
| 35:36 | Lord Ramsbottom · first_building Monastery |
| 36:30 | Esponjocito · wall_segment Palisade Wall x1 |
| 38:09 | Lord Ramsbottom · wall_segment Palisade Wall x1 |
| 38:24 | Esponjocito · first_market_sell 100 food |
| 39:04 | Lord Ramsbottom · age_up imperial |
| 39:41 | Vermint · first_building Monastery |
| 40:05 | DiegoRH7955 · first_market_buy 100 food |
| 40:07 | GABO · first_market_sell 100 wood |
| 40:08 | GABO · first_market_buy 100 food |
| 41:32 | Esponjocito · first_market_buy 100 stone |
| 41:56 | Elacrai · first_building Monastery |
| 42:25 | GABO · first_building Castle |
| 43:26 | Lord Ramsbottom · first_building Castle |
| 43:36 | GABO · age_up imperial |
| 43:40 | Vermint · first_building Castle |
| 44:39 | Esponjocito · first_building Monastery |
| 44:50 | Lord Ramsbottom · wall_segment Stone Wall x7 |
| 44:52 | Lord Ramsbottom · wall_segment Stone Wall x4 |
| 44:56 | Vermint · age_up imperial |
| 47:55 | Esponjocito · first_building Castle |
| 48:31 | Esponjocito · age_up imperial |
| 48:57 | Elacrai · age_up imperial |
| 49:06 | Elacrai · first_market_buy 100 food |
| 50:30 | Elacrai · first_building Castle |
| 51:16 | DiegoRH7955 · first_building Castle |
| 52:12 | Elacrai · first_market_sell 100 food |
| 52:46 | Lord Ramsbottom · wall_segment Stone Wall x21 |
| 52:54 | Vermint · tribute_sent a jugador 1 |
| 52:54 | Vermint · tribute_sent a jugador 2 |
| 52:54 | Vermint · tribute_sent a jugador 4 |
| 52:54 | Vermint · tribute_sent a jugador 5 |
| 52:54 | Vermint · tribute_sent a jugador 6 |
| 55:40 | Esponjocito · resign |
| 55:42 | Lord Ramsbottom · wall_segment Stone Wall x22 |
[ ANÁLISIS IA · 1 CRÉDITO ]
¿Qué pasó realmente en esta partida?
Wolo.gg analiza cada decisión: build order, eco, micro, errores típicos por bracket. Análisis personalizado por WhatsApp o Discord en 30 segundos.
Guía civ
Bengalíes
Perfil
Jugador #13655128